 Dungeon Crawl Stone Soup version 0.18.1-50-g88ac8fd (webtiles) character file.

9 Amnesiac the Cutter (level 2, 0/18 HPs)
             Began as a Deep Elf Fighter on Mar 2, 2018.
             Slain by an adder (2 damage)
             ... on level 3 of the Dungeon.
             The game lasted 00:00:53 (545 turns).

Amnesiac the Cutter (Deep Elf Fighter)               Turns: 545, Time: 00:00:54

Health: 0/18       AC:  6    Str: 13    XL:     2   Next: 3%
Magic:  4/4        EV:  6    Int: 12    God:
Gold:   32         SH:  8    Dex: 14    Spells: 0 memorised, 1 level left

rFire  . . .     SeeInvis .     a - +0 rapier
rCold  . . .     Gourm    .     b - +0 scale mail
rNeg   . . .     Faith    .     c - +0 shield
rPois  .         Spirit   .     (no helmet)
rElec  .         Dismiss  .     (no cloak)
rCorr  .         Reflect  .     (no gloves)
SustAt .         Harm     .     (no boots)
MR     .....                    (no amulet)
Stlth  ..........               (no ring)
                                (no ring)

@: lethally poisoned (0 -> -4), not resistant to hostile enchantments, extremely
unstealthy
A: no striking features
a: no special abilities


You were on level 3 of the Dungeon.
You were not hungry.

You visited 1 branch of the dungeon, and saw 3 of its levels.

You collected 32 gold pieces.

Inventory:

Hand Weapons
 a - a +0 rapier (weapon)
Armour
 b - a +0 scale mail (worn)
 c - a +0 shield (worn)
 e - a +2 pair of boots of running
Scrolls
 g - a scroll of identify {!r, unknown}
 h - a scroll of random uselessness {!r, unknown}
Potions
 d - a potion of might {!q}
Comestibles
 f - a bread ration
 i - a beef jerky


   Skills:
 + Level 2.4 Fighting
 - Level 2.8 Short Blades
 - Level 2.4 Armour
 - Level 2.4 Shields


You had one spell level left.
You didn't know any spells.

Dungeon Overview and Level Annotations

Branches:
Dungeon (3/15)

Altars:
Nemelex Xobeh

Annotations:
D:3 Grinder


Message History

Your shield and scale mail prevent you from hitting the adder.
The adder is lightly wounded.
The adder closely misses you. The adder bites you but does no damage.
Your shield and scale mail prevent you from hitting the adder.
The adder is lightly wounded.
You block the adder's attack.
Your shield and scale mail prevent you from hitting the adder.
The adder is lightly wounded.
The adder bites you but does no damage. You block the adder's attack.
Your shield and scale mail prevent you from hitting the adder.
The adder is lightly wounded.
You block the adder's attack.
You hit the adder.
The adder is moderately wounded.
You block the adder's attack. The adder bites you.
Drink which item? (? for menu, Esc to quit)
Okay, then.
You hit the adder.
The adder is heavily wounded.
The adder bites you but does no damage.
You closely miss the adder.
The adder is heavily wounded.
You block the adder's attack. The adder bites you.
You are poisoned.
The adder poisons you!
You closely miss the adder.
The adder is heavily wounded.
You feel sick. You block the adder's attack.
You hit the adder.
The adder is severely wounded.
You feel sick. The adder bites you. The adder bites you but does no damage.
You barely miss the adder.
The adder is severely wounded.
The adder bites you but does no damage.
You barely miss the adder.
The adder is severely wounded.
You feel sick. The adder barely misses you.
The adder bites you but does no damage.
You miss the adder.
The adder is severely wounded.
The adder bites you.
* * * LOW HITPOINT WARNING * * *
The adder bites you but does no damage.
You closely miss the adder.
The adder is severely wounded.
You feel sick. The adder bites you but does no damage.
You closely miss the adder.
The adder is severely wounded.
The adder bites you but does no damage. The adder bites you.
* * * LOW HITPOINT WARNING * * *
You closely miss the adder.
The adder is severely wounded.
You block the adder's attack.
You miss the adder.
The adder is severely wounded.
You feel sick. The adder barely misses you.
You closely miss the adder.
The adder is severely wounded.
You block the adder's attack. The adder bites you.
* * * LOW HITPOINT WARNING * * *
You barely miss the adder.
The adder is severely wounded.
The adder bites you.
You die...

#################
##.................
#<#...#...#...#...#
#.......(@SK...[...
#.#)..#...#...#.!.#
#..................
#.################
#.# #.# #$# #.


You could see an adder and a kobold.

Vanquished Creatures
  A giant gecko (D:2)
  A bat (D:2)
  A hobgoblin (D:2)
  A jackal (D:2)
  2 kobolds
  A rat (D:3)
7 creatures vanquished.

Notes
Turn   | Place    | Note
--------------------------------------------------------------
     0 | D:1      | Amnesiac the Deep Elf Fighter began the quest for the Orb.
     0 | D:1      | Reached XP level 1. HP: 13/13 MP: 3/3
    62 | D:3      | Noticed Grinder
   206 | D:2      | Found a sparkling altar of Nemelex Xobeh.
   510 | D:3      | Reached XP level 2. HP: 16/18 MP: 4/4
   545 | D:3      | Slain by an adder

Action                   || total
-------------------------++-------
Melee: Rapier            ||    70
Armor: Scale mail        ||    36
Dodge: Dodged            ||    14
Block: Shield            ||    35
